 Dungeon Crawl Stone Soup version 0.20-a0-208-g55166f7 (webtiles) character file.

3090 tboon the Cleaver (level 9, 0/74 HPs)
             Began as a Minotaur Fighter on Nov 25, 2016.
             Was a Priest of Okawaru.
             Slain by a yak (11 damage)
             ... on level 7 of the Dungeon.
             The game lasted 00:21:36 (5731 turns).

tboon the Cleaver (Minotaur Fighter)                Turns: 5731, Time: 00:21:36

Health: 0/74       AC: 11    Str: 21    XL:     9   Next: 59%
Magic:  0/12       EV: 10    Int:  5    God:    Okawaru [***...]
Gold:   218        SH:  0    Dex: 13    Spells: 8/8 levels left

rFire  . . .     SeeInvis +     o - +1 battleaxe (chop)
rCold  . . .     Gourm    .     g - +0 chain mail
rNeg   . . .     Faith    .     (shield currently unavailable)
rPois  .         Spirit   +     (helmet restricted)
rElec  .         Reflect  .     (no cloak)
rCorr  +         Harm     .     (no gloves)
MR     .....                    (no boots)
Stlth  ..........               y - amulet of guardian spirit {Spirit}
                                w - ring of see invisible {sInv, !d}
                                z - ring of resist corrosion

@: heroism, very slightly contaminated
A: retaliatory headbutt, horns 2
a: Heroism, Renounce Religion


You were on level 7 of the Dungeon.
You worshipped Okawaru.
Okawaru was most pleased with you.
You were not hungry.

You visited 1 branch of the dungeon, and saw 8 of its levels.

You collected 295 gold pieces.
You spent 77 gold pieces at shops.

Inventory:

Hand Weapons
 o - a +1 battleaxe of chopping (weapon)
   (You found it on level 5 of the Dungeon)
Armour
 g - a +0 chain mail (worn)
   (You found it on level 1 of the Dungeon)
Jewellery
 w - a ring of see invisible (right hand) {sInv, !d}
   (You found it on level 5 of the Dungeon)
 y - an amulet of guardian spirit (around neck) {Spirit}
   (You found it on level 6 of the Dungeon)
 z - a ring of resist corrosion (left hand)
   (You found it on level 7 of the Dungeon)
Wands
 q - a wand of slowing (41/48)
   (You found it on level 6 of the Dungeon)
Scrolls
 i - 5 scrolls of teleportation
 j - 3 scrolls of recharging
 p - 2 scrolls of magic mapping {!r}
 t - 2 scrolls of remove curse
 u - a scroll of noise {unknown}
 v - a scroll of fog {unknown}
Potions
 l - a potion of beneficial mutation {unknown}
 m - 2 potions of berserk rage {!q}
 r - a potion of heal wounds {unknown}
 s - 3 potions of lignification {!q}
 x - a potion of might
Comestibles
 a - 2 chunks of flesh
 c - 2 beef jerkies
 d - 7 slices of pizza
 f - 5 bread rations
 n - 4 meat rations


   Skills:
 - Level 5.0(10.0) Fighting
 * Level 13.3(18.3) Axes
 - Level 3.8(8.8) Armour
   Level 3.7(8.7) Shields
 + Level 6.1 Invocations


You had 8 spell levels left.
You didn't know any spells.

Dungeon Overview and Level Annotations

Branches:
Dungeon (8/15)             Temple (0/1) D:5
   Lair: D:8-11

Altars:
Elyvilon
Kikubaaqudgha
Makhleb
Okawaru
Qazlal
Ru
Trog
Vehumet
Xom
The Shining One

Shops:
D:4 *   D:5 ?[**

Annotations:
D:7 exclusion: statue


Innate Abilities, Weirdness & Mutations

You reflexively headbutt those who attack you in melee.
You have a pair of horns on your head.


Message History

A yak comes into view.
The yak bellows!
A hornet comes into view.
The hornet buzzes angrily.
You slash the yak! Your headbutt misses the yak.
The yak is moderately wounded.
The yak gores you.
You gain the combat prowess of a mighty hero.
The yak closely misses you.
You slash the yak! Your headbutt misses the yak.
The yak is severely wounded.
You slash the hornet!
The hornet is heavily wounded.
You slash the yak! The yak gores you. The hornet stings you.
You are poisoned.
You feel yourself slow down.
Your chain mail prevents you from hitting the hornet.
Your headbutt misses the hornet.
The hornet is heavily wounded.
You slash the yak!
Your chain mail prevents you from hitting the yak.
You feel sick.
The hornet stings you but does no damage.
The yak barely misses you.
The hornet stings you but does no damage.
You slash the hornet! Your headbutt misses the hornet.
The hornet is almost dead.
You slash the yak! You hit the yak.
You kill the yak!
Okawaru accepts your kill.
Your base Axes skill increases to level 13!
You feel yourself speed up.
You feel sick.
The hornet stings you but does no damage.
The yak completely misses you. The yak closely misses you.
You furiously retaliate!
You headbutt the yak, but do no damage. The hornet barely misses you.
You closely miss the hornet.
The hornet is almost dead.
You slash the yak! You hit the yak but do no damage. You slash the yak!
You hit the yak but do no damage.
You feel sick. The yak closely misses you. The hornet stings you!
You are more poisoned.
You feel yourself slow down. The yak gores you!
You feel sick.
The hornet stings you but does no damage.
The yak gores you. The yak closely misses you.
The yak gores you but does no damage. The yak gores you. The yak gores you!
The hornet closely misses you. You furiously retaliate!
You headbutt the hornet.
You kill the hornet!
Okawaru accepts your kill. The yak gores you!
* * * LOW HITPOINT WARNING * * *
The yak gores you!
* * * LOW HITPOINT WARNING * * *
You climb upwards.
Level annotation: exclusion: statue You feel yourself speed up.
* * * LOW HITPOINT WARNING * * *
You feel very sick.
There is a stone staircase leading down here.
You hit the yak but do no damage. You headbutt the yak.
The yak is heavily wounded.
You slice the yak!!
You kill the yak!
Okawaru accepts your kill.
Your Invocations skill increases to level 6!
* * * LOW HITPOINT WARNING * * *
You feel sick. The yak gores you but does no damage.
You hit the yak but do no damage. You headbutt the yak, but do no damage.
The yak is heavily wounded.
You hit the yak. The yak gores you.
* * * LOW HITPOINT WARNING * * *
You feel better. The yak gores you but does no damage.
The yak barely misses you.
You slash the yak! You headbutt the yak.
The yak is severely wounded.
You hit the yak but do no damage. The yak gores you!
* * * LOW HITPOINT WARNING * * *
You feel better. The yak completely misses you. The yak barely misses you.
You furiously retaliate!
You headbutt the yak.
Really read
k - a scroll of blinking {!r}? [Y]es or [N]o only, please.
Really read
k - a scroll of blinking {!r}? [Y]es or [N]o only, please.
Really read
k - a scroll of blinking {!r}?
Blink to where?
Press: ? - help, Dir - move target cursor
As you read the scroll of blinking {!r}, it crumbles to dust.
You hit the yak.
The yak is almost dead.
The yak gores you!
* * * LOW HITPOINT WARNING * * *
You hit the yak. You headbutt the yak, but do no damage.
The yak is almost dead.
The yak gores you.
* * * LOW HITPOINT WARNING * * *
You feel better. The yak gores you!
You die...

#.........# # ####.........# ##
###............# ##.
....##.........# #..
############..#### #.. ##....#
#.. #### ####.# #.. ...## #.#
####.. ##..##### #@# #.....
##.....## #Y# #.##..
#####..#######Y###########.##..
##....YY:.Y..##............
##########...#.#..........
#.....#..######## ###########
#........#.....,,
..........#######)#.........._.8,
#########....(...........#......,


You could see 3 yaks.

Vanquished Creatures
  The ghost of tbh1313 the Cleaver, a novice MiBe of Trog (D:4)
  A hornet (D:8)
  2 yaks
  A human (D:7)
  4 hogs (D:7)
  An orc warrior (D:6)
  A sky beast (D:5)
  A necrophage (D:7)
  2 centaurs (D:7)
  2 ogres
  A big kobold (D:7)
  A water moccasin zombie (D:7)
  4 howler monkeys
  A crimson imp (D:5)
  2 bullfrog zombies
  2 hounds
  A centaur zombie (D:7)
  4 orc priests
  A jelly (D:5)
  Ijyb (D:3)
  2 orc wizards
  An iguana (D:4)
  2 worker ants (D:7)
  9 adders
  A shadow imp (D:7)
  A white imp (D:5)
  3 oozes
  4 worms
  4 dart slugs
  5 leopard geckos
  12 orcs
  3 ball pythons
  5 giant cockroaches
  8 goblins
  3 hobgoblins (D:1)
  8 jackals
  10 kobolds
  5 quokkas
  6 bats
  9 frilled lizards
  2 goblin skeletons (D:5)
  A goblin zombie (D:5)
  A leopard gecko skeleton (D:5)
  An orc skeleton (D:5)
  3 orc zombies (D:5)
  A quokka zombie (D:7)
  4 rats
148 creatures vanquished.

Notes
Turn   | Place    | Note
-------+----------+-------------------------------------------
     0 | D:1      | tboon the Minotaur Fighter began the quest for the Orb.
     0 | D:1      | Reached XP level 1. HP: 19/19 MP: 0/0
    73 | D:1      | HP: 4/19 [kobold/short sword (3)]
   447 | D:1      | Reached XP level 2. HP: 27/27 MP: 1/1
   487 | D:1      | Reached skill level 3 in Axes
   651 | D:1      | Reached skill level 4 in Fighting
   849 | D:1      | Reached XP level 3. HP: 30/33 MP: 2/2
   959 | D:2      | Reached skill level 4 in Axes
   959 | D:2      | Reached XP level 4. HP: 36/41 MP: 3/3
   963 | D:2      | Found a burning altar of Makhleb.
  1215 | D:2      | Found an iron altar of Okawaru.
  1215 | D:2      | Found a shimmering altar of Xom.
  1219 | D:2      | Became a worshipper of Warmaster Okawaru
  1392 | D:2      | Reached skill level 5 in Axes
  1395 | D:2      | Found a sacrificial altar of Ru.
  1587 | D:3      | Reached XP level 5. HP: 35/47 MP: 4/4
  1737 | D:3      | Noticed Ijyb
  1744 | D:3      | Killed Ijyb
  1744 | D:3      | Reached skill level 5 in Fighting
  2064 | D:3      | Reached skill level 6 in Axes
  2160 | D:4      | Reached * piety under Okawaru
  2176 | D:4      | Reached XP level 6. HP: 49/56 MP: 5/5
  2308 | D:4      | Noticed tbh1313's ghost (novice MiBe)
  2320 | D:4      | Killed tbh1313's ghost
  2320 | D:4      | Reached skill level 8 in Axes
  2320 | D:4      | Reached XP level 7. HP: 42/61 MP: 3/6
  2485 | D:4      | Found a bloodstained altar of Trog.
  2539 | D:4      | Reached skill level 9 in Axes
  2562 | D:4      | Found Dacex's Assorted Antiques.
  2651 | D:4      | Found an ancient bone altar of Kikubaaqudgha.
  2661 | D:4      | Found a white marble altar of Elyvilon.
  2763 | D:4      | Reached skill level 1 in Invocations
  2885 | D:5      | Entered Level 5 of the Dungeon
  2913 | D:5      | Reached ** piety under Okawaru
  3201 | D:5      | Reached skill level 2 in Invocations
  3222 | D:5      | Reached skill level 10 in Axes
  3222 | D:5      | Reached XP level 8. HP: 68/68 MP: 8/8
  3234 | D:5      | Found Qiyneam's General Store.
  3313 | D:5      | Found Letioco's Magic Scroll Emporium.
  3327 | D:5      | Bought a scroll of remove curse for 33 gold pieces
  3327 | D:5      | Bought a scroll of identify for 22 gold pieces
  3327 | D:5      | Bought a scroll of identify for 22 gold pieces
  3359 | D:5      | Found a glowing golden altar of the Shining One.
  3380 | D:5      | Found a staircase to the Ecumenical Temple.
  3430 | D:5      | Found Nilonas's Antique Armour Boutique.
  3559 | D:5      | Found a stormy altar of Qazlal.
  3613 | D:5      | Found Dipt's General Store.
  4064 | D:6      | Reached skill level 3 in Invocations
  4786 | D:7      | Found a radiant altar of Vehumet.
  4811 | D:7      | Reached skill level 11 in Axes
  4927 | D:7      | Reached skill level 4 in Invocations
  5060 | D:7      | Reached *** piety under Okawaru
  5383 | D:7      | Reached skill level 12 in Axes
  5384 | D:7      | Reached XP level 9. HP: 60/74 MP: 7/11
  5387 | D:7      | Reached skill level 5 in Invocations
  5612 | D:7      | Received a gift from Okawaru
  5717 | D:8      | Reached skill level 13 in Axes
  5719 | D:8      | HP: 17/74 [yak (10)]
  5719 | D:8      | HP: 8/74 [yak (9)]
  5721 | D:7      | Reached skill level 6 in Invocations
  5722 | D:7      | HP: 3/74 [yak (1)]
  5729 | D:7      | HP: 6/74 [yak (8)]
  5730 | D:7      | HP: 1/74 [yak (5)]
  5731 | D:7      | Slain by a yak

Vault maps used:
D:1:      nagdon_arrival_zigzag_paths, minmay_stone_trees_small
D:2:      lemuel_crystal_altar, makhleb_heckhound_becter,
          gammafunk_temple_overflow_wave, first_bread
D:3:      serial_glass, glass_columns_a, glass_columns_a,
          minmay_misc_feat_columns, uniq_iyjb
D:4:      bloody_trog, amethyst_overflow_temple_binary, serial_shops, shop
D:5:      nicolae_tso_besieged_by_evil, lemuel_round_altar, serial_shops,
          shop_scrolls, nicolae_shop_behind_doors,
          nicolae_shop_competitors_out_of_business, nicolae_shop_trees
D:6:      minivault_4
D:7:      vehumet_statue, grunt_livestock
D:8:      lemuel_doored_altar, minmay_lair_entry_lava, lemuel_flamethrower_2,
          uniq_joseph

Skill      XL: |  1  2  3  4  5  6  7  8  9 |
---------------+----------------------------+-----
Axes           | 3 4 5 6 8 10 12 13 | 13.3
Fighting       | 4 5 |  5.0
Invocations    | 2 4 6 |  6.1
Armour         | |  3.8
Shields        | |  3.7

Action                   |  1- 3 |  4- 6 |  7- 9 || total
-------------------------+-------+-------+-------++-------
Melee: War axe           |    94 |   116 |    95 ||   305
       Headbutt          |     9 |    18 |    25 ||    52
       Battleaxe         |       |       |    75 ||    75
Invok: Heroism           |       |     1 |     3 ||     4
  Use: Scroll            |       |     7 |    11 ||    18
       Potion            |       |     2 |     3 ||     5
  Eat: Chunk             |       |     5 |     4 ||     9
       Pizza             |       |       |     1 ||     1
       Meat ration       |       |       |     1 ||     1
Armor: Scale mail        |     2 |       |       ||     2
       Chain mail        |    45 |    65 |    72 ||   182
Dodge: Dodged            |    25 |    23 |    50 ||    98
Block: Shield            |    68 |    73 |    40 ||   181

Vault maps used:
D:1:      nagdon_arrival_zigzag_paths, minmay_stone_trees_small
D:2:      lemuel_crystal_altar, makhleb_heckhound_becter,
          gammafunk_temple_overflow_wave, first_bread
D:3:      serial_glass, glass_columns_a, glass_columns_a,
          minmay_misc_feat_columns, uniq_iyjb
D:4:      bloody_trog, amethyst_overflow_temple_binary, serial_shops, shop
D:5:      nicolae_tso_besieged_by_evil, lemuel_round_altar, serial_shops,
          shop_scrolls, nicolae_shop_behind_doors,
          nicolae_shop_competitors_out_of_business, nicolae_shop_trees
D:6:      minivault_4
D:7:      vehumet_statue, grunt_livestock
D:8:      lemuel_doored_altar, minmay_lair_entry_lava, lemuel_flamethrower_2,
          uniq_joseph

Table legend:
 A = Turns spent in this place as a percentage of turns spent in the entire game.
 B = Non-inter-level travel turns spent in this place as a percentage of non-inter-level travel turns spent in the entire game.
 C = Inter-level travel turns spent in this place as a percentage of turns spent in this place.
 D = Turns resting spent in this place as a percentage of non-inter-level travel turns spent in this place.
 E = Turns spent auto-exploring this place as a percentage of non-inter-level travel turns spent in this place.
 F = Non-inter-level travel turns spent in this place divided by the number of levels of this place that you've seen.
                   A       B       C       D       E      F
               +-------+-------+-------+-------+-------+----------------------
         Total | 100.0 | 100.0 |   0.5 |   3.7 |  11.8 | 159.2
       Dungeon | 100.0 | 100.0 |   0.5 |   3.7 |  11.8 | 159.2
               +-------+-------+-------+-------+-------+----------------------

Table legend:
 A = Kills in this place as a percentage of kills in entire the game.
 B = Kills by you in this place as a percentage of kills by you in the entire game.
 C = Kills by friends in this place as a percentage of kills by friends in the entire game.
 D = Other kills in this place as a percentage of other kills in the entire game.
 E = Experience gained in this place as a percentage of experience gained in the entire game.
 F = Experience gained in this place divided by the number of levels of this place that you have seen.
                   A       B       C       D       E      F
               +-------+-------+-------+-------+-------+----------------------
         Total | 100.0 | 100.0 |  -nan |  -nan | 100.0 | 551.9
       Dungeon | 100.0 | 100.0 |  -nan |  -nan | 100.0 | 551.9
               +-------+-------+-------+-------+-------+----------------------
